 Dungeon Crawl Stone Soup version 0.15-a0-717-ga3c592f (webtiles) character file.

354809 tooterfish the Necromancer (level 21, 0/138 HPs)
             Began as a Mummy Wizard on May 10, 2014.
             Was the Champion of Sif Muna.
             Slain by a vampire knight
             ... wielding a +2,+1 great sword
              (4 damage)
             ... on Level 1 of the Depths on May 11, 2014.
             The game lasted 13:05:06 (73790 turns).

tooterfish the Necromancer (Mummy Wizard)          Turns: 73790, Time: 13:05:06

HP   0/138       AC 17     Str 10      XL: 21   Next: 36%
MP   8/34        EV 21     Int 29      God: Sif Muna [******]
Gold 2929        SH 14     Dex 13      Spells:  8 memorised,  3 levels left

rFire  . . .     SeeInvis .     Q - +3,+4 broad axe of Severance {venom, rElec rF+}
rCold  + . .     Clarity  .     f - +0 troll leather armour
rNeg   + + +     Conserve +     o - +2 buckler
rPois  +         rCorr    +     V - +2 helmet {Int+3}
rElec  +         rRot     +     j - +1 cloak {rCorr, Cons}
SustAb . .       Spirit   .     U - +2 pair of fencer's gloves {EV+3 Dex+3 Acc+8}
rMut   .         Warding  +     M - +2 pair of boots
Gourm  .         Stasis   .     L - cursed amulet of Cheibriados' Wrath {Ward rN+ Int+2 Acc-4}
MR     ++...                    t - +4 ring of evasion
                                d - ring of regeneration

@: repel missiles, very slightly contaminated, hasted, very quick, very
resistant to hostile enchantments, unstealthy
A: no food or potions, fire vulnerability, in touch with death, restore body,
cold resistance 1, life protection 3, poison resistance, torment resistance,
unbreathing
a: Self-Restoration, Channel Energy, Forget Spell, Renounce Religion
}: 2/15 runes: serpentine, barnacled


You were on level 1 of the Depths.
You worshipped Sif Muna.
Sif Muna was exalted by your worship.
You were not hungry.

You visited 9 branches of the dungeon, and saw 45 of its levels.
You also visited: Labyrinth, Ice Cave and Wizlab.

You collected 4066 gold pieces.
You spent 1137 gold pieces at shops.

Inventory:

Hand weapons
 Q - the +3,+4 broad axe of Severance (weapon) {venom, rElec rF+}
   (You found it on level 7 of the Lair of Beasts)

   It poisons the flesh of those it strikes.
   It protects you from fire.
   It insulates you from electricity.
 S - a +9 blowgun
Missiles
 k - 75 poisoned needles
 G - 6 needles of paralysis
 Z - 8 needles of sleeping
Armour
 f - a +0 troll leather armour (worn)
 j - a +1 cloak of preservation (worn)
 o - a +2 buckler (worn)
 M - a +2 pair of boots (worn)
 U - the +2 pair of fencer's gloves (worn) {EV+3 Dex+3 Acc+8}
   (You took it off Nikola on level 2 of the Snake Pit)

   It affects your evasion (+3).
   It affects your dexterity (+3).
   It affects your accuracy with ranged weapons and melee attacks (+8).
 V - a +2 helmet of intelligence (worn)
Magical devices
 b - a wand of digging (15)
 h - a wand of disintegration (12)
 v - a wand of invisibility (4)
 z - a wand of teleportation (5)
 A - a wand of hasting (5)
 B - a wand of digging (13)
 D - a wand of fire (4)
 H - a wand of lightning (4)
 I - a wand of digging (5)
 J - a wand of fire (4)
Scrolls
 g - 5 scrolls of fog
 q - 4 scrolls of fear
 u - a scroll of identify
 E - 5 scrolls of remove curse
 T - 4 scrolls of magic mapping
 X - a scroll of summoning
Jewellery
 c - an uncursed ring of sustain abilities
 d - a ring of regeneration (left hand)
 l - an uncursed ring of fire
 m - an uncursed amulet of conservation
 n - an uncursed ring of wizardry
 t - a +4 ring of evasion (right hand)
 y - an uncursed amulet of resist mutation
 K - an uncursed ring of fire
 L - the cursed amulet of Cheibriados' Wrath (around neck) {Ward rN+ Int+2 Acc-4}
   (You found it in an ice cave)

   [amulet of warding]

   It may prevent the melee attacks of summoned creatures.
   It affects your intelligence (+2).
   It affects your accuracy with ranged weapons and melee attacks (-4).
   It protects you from negative energy.
   It has a curse placed upon it.
 N - an uncursed ring of flight
 O - an uncursed ring of protection from magic
 P - an uncursed ring of teleport control
 R - an uncursed ring of magical power
Magical staves
 a - an uncursed staff of wizardry


   Skills:
 - Level 5.3 Fighting
   Level 1.0 Short Blades
 + Level 5.7 Armour
 + Level 6.9 Dodging
 - Level 3.0 Stealth
 + Level 7.3 Shields
 - Level 8.0 Spellcasting
 - Level 16.8 Conjurations
 - Level 5.6 Charms
 - Level 15.1 Summonings
 - Level 17.1 Necromancy
 - Level 5.6 Translocations
   Level 1.0 Fire Magic
 - Level 1.0 Air Magic
   Level 1.0 Poison Magic
 - Level 12.1 Invocations


You had 3 spell levels left.
You knew the following spells:

 Your Spells              Type           Power        Failure   Level  Hunger
a - Iskenderun's Mystic   Conj           #######.     1%          4    N/A
b - Forceful Dismissal    Summ           #######...   1%          6    N/A
c - Blink                 Tloc           N/A          1%          2    N/A
d - Passage of Golubria   Tloc           N/A          6%          4    N/A
e - Repel Missiles        Chrm/Air       ####..       1%          2    N/A
f - Summon Butterflies    Summ           #######.     0%          1    N/A
g - Haunt                 Necr/Summ      ########..   6%          7    N/A
h - Orb of Destruction    Conj           #######...   4%          7    N/A

Dungeon Overview and Level Annotations

Branches:
Dungeon (15/15)            Temple (1/1) D:6             Orc (4/4) D:10
    Elf (2/3) Orc:4          Lair (8/8) D:9          Shoals (5/5) Lair:5
  Snake (5/5) Lair:4        Slime (0/6) Lair:6       Vaults (4/5) D:13
  Blade (0/1) Vaults:3      Crypt (0/3) Vaults:2     Depths (1/5) D:15

Altars:
Ashenzari
Dithmenos
Fedhas
Gozag
Kikubaaqudgha
Makhleb
Nemelex Xobeh
Okawaru
Qazlal
Sif Muna
Trog
Vehumet
Yredelemnul
Zin
The Shining One

Shops:
D:4 *   D:8 :   D:10 *   Orc:4 [(*%*?*:   Elf:1 (   Elf:2 =   Shoals:5 ?
Vaults:1 *   Vaults:3 *   Vaults:4 (

Portals:
Hell: Lair:8 Depths:1

Annotations:
D:7 exclusion: oklob plant
Shoals:5 Ilsuiw


Innate Abilities, Weirdness & Mutations

You do not eat or drink.
Your flesh is vulnerable to fire.
You are in touch with the powers of death.
You can restore your body by infusing magical energy.
Your flesh is cold resistant.
You are immune to negative energy.
Your system is resistant to poisons.
You are immune to unholy pain and torment.
You can survive without breathing.


Message History

Casting: Summon Butterflies
Confirm with . or Enter, or press ? or * to list all spells.
Aiming: Orb of Destruction
Press: ? - help, Shift-Dir - straight line The wavering orb of destruction weakly hits something.
Something hits you!
* * * LOW HITPOINT WARNING * * *
Something bites you.
* * * LOW HITPOINT WARNING * * *
You hear some strange, mumbled words.
Something tries to affect you, but you resist.
Evoke which item? (* to show all) (? for menu, Esc to quit)
Zapping:
A - a wand of hasting (6)
Press: ? - help, Shift-Dir - straight line, f - you You feel yourself speed up.
You are very lightly contaminated with residual magic.
This wand has 5 charges left.
Your butterfly disappears in a puff of smoke!
Something hits you.
You die...

#'###'##.....#.##'##....##
.)...........####..#....#
.)...........###...'....#
...%...........b........#
...%.#.%.........#......#
....###....b....###.....#
....# #........bb##.....#
..### ##...b.b..b.###...#
.## #..##...#bb@.b.b...#
..###.###..#..####b#b...#
....# #....#......#.....#
....###.##.##.#..#......#
....T#..##.####.%.......#
.......###.# #.#..........
......## # ###...........
.......## ##ยง...........
.....#..# #..#.........


There were no monsters in sight!

Vanquished Creatures
  Mara (Vaults:4)
  A Cloud Mage (WizLab)
  A tentacled monstrosity (Vaults:4)
  A kraken (Shoals:4)
  A sphinx (Vaults:3)
  Agnes (Elf:1)
  Roxanne (Shoals:1)
  2 fire giants (Vaults:4)
  4 frost giants
  10 greater nagas
  Louise (Shoals:1)
  A deep elf sorcerer (Vaults:1)
  The ghost of Mulzaro the Convoker, a mighty NaSu of Sif Muna (Snake:5)
  2 orc warlords
  8 vault wardens
  2 deep elf demonologists (Elf:1)
  8 stone giants
  A vampire knight (Depths:1)
  2 dire elephants (Lair:8)
  A deep elf annihilator (Elf:2)
  A deep elf death mage (Elf:2)
  A minotaur (Depths:1)
  Snorg (Orc:4)
  8 merfolk javelineers
  6 fire dragons
  The ghost of hunterx7d the Bludgeoner, a powerful MiFi of Qazlal (D:13)
  5 merfolk impalers
  10 vault guards
  An ettin (Vaults:4)
  Josephine (Orc:4)
  6 yaktaur captains
  7 ironheart preservers
  4 sirens
  2 great orbs of eyes
  Harold (Lair:3)
  3 ice dragons
  A rakshasa (Depths:1)
  6 hydras
  A ravenous feature mimic (Snake:5)
  17 naga warriors
  2 dancing weapons (Vaults:3)
  3 deep troll earth magi
  Erica (Orc:4)
  18 anacondas
  5 death yaks
  3 deep troll shamans (Depths:1)
  2 satyrs
  8 ogre magi
  A vampire mage (Depths:1)
  13 naga sharpshooters
  2 orc high priests (Orc:4)
  8 centaur warriors
  A catoblepas (Lair:8)
  Nergalle (Lair:3)
  5 iron trolls
  3 unseen horrors
  16 deep elf knights
  10 hell knights
  The ghost of Speedgee the Unseen, an experienced KoBe of Trog (D:10)
  3 very ugly things (Depths:1)
  3 salamander mystics
  2 shadow wraiths (Vaults:4)
  11 shock serpents
  3 wizards
  4 skeletal warriors (Vaults:2)
  A fire crab (shapeshifter) (Vaults:2)
  2 storm dragon skeletons (Vaults:2)
  An orb spider (shapeshifter) (Vaults:4)
  16 sea snakes
  4 necromancers
  3 deep elf summoners
  2 ice statues
  4 lindwurms (Snake:5)
  5 hill giants
  10 deep trolls
  7 naga ritualists
  Pikel (D:8)
  15 harpies
  12 orc knights
  10 ironbrand convokers
  3 water nymphs
  Joseph (D:8)
  9 deep elf conjurers
  13 mana vipers
  12 cyclopes
  17 griffons
  A faun (Shoals:3)
  2 sphinx skeletons (Vaults:2)
  7 phantasmal warriors
  13 manticores
  7 salamanders
  4 human skeletons (Vaults:2)
  6 guardian serpents
  3 stone giant skeletons (Vaults:2)
  2 drowned souls (Shoals:5)
  4 elephants (Lair:8)
  A cyclops (shapeshifter) (Depths:1)
  7 orc sorcerers
  Maurice (D:8)
  19 spiny frogs
  An item mimic (D:10)
  41 black mambas
  A queen ant (Lair:4)
  10 vault sentinels
  6 orange demons (Lair:8)
  30 yaktaurs
  7 mermaids
  8 kobold demonologists
  34 naga magi
  11 komodo dragons
  A centaur zombie (D:14)
  An elf (shapeshifter) (Vaults:1)
  An efreet (D:15)
  3 fire drakes
  5 deep elf priests
  A jumping spider (shapeshifter) (Elf:2)
  A hell beast (Lair:8)
  An iron devil (Depths:1)
  2 yaktaur skeletons (Vaults:2)
  A boggart (shapeshifter) (Vaults:1)
  A hellwing (Lair:8)
  28 merfolk
  26 slime creatures
  18 polar bears (IceCv)
  A queen bee (Lair:3)
  9 trolls
  8 wind drakes
  A wandering mushroom (D:9)
  A tengu conjurer (D:14)
  A raiju (shapeshifter) (Vaults:2)
  10 blink frogs
  9 freezing wraiths
  2 blue devils (Lair:8)
  A brown ooze (Lair:6)
  2 red devils (Lair:8)
  18 two-headed ogres
  2 ravens (D:14)
  2 boulder beetles
  A raven (shapeshifter) (Vaults:3)
  11 snapping turtles
  A stone giant simulacrum (Vaults:1)
  2 basilisks
  A griffon zombie (D:14)
  3 trapdoor spiders
  15 water elementals
  A brown ooze (shapeshifter) (Elf:1)
  22 deep elf magi
  A shadow (D:14)
  A spriggan (shapeshifter) (Vaults:1)
  29 wraiths
  28 air elementals (WizLab)
  2 redbacks (Elf:2)
  A basilisk (shapeshifter) (D:13)
  A vampire (D:15)
  16 vampire mosquitoes
  A hill giant zombie (D:12)
  An elephant slug (Lair:4)
  28 sharks
  A wyvern (D:14)
  A steam dragon (D:14)
  A hippogriff (shapeshifter) (Vaults:3)
  67 yaks
  7 hungry ghosts
  A harpy simulacrum (D:15)
  19 hippogriffs
  37 wolves
  6 wargs
  4 mottled dragons
  70 nagas
  26 deep elf fighters
  A hill giant skeleton (D:11)
  2 human zombies
  7 hell hounds (D:14)
  17 soldier ants
  61 ugly things
  24 water moccasins
  39 orc warriors
  5 yellow wasps
  5 porcupines
  4 sky beasts
  A slave (D:8)
  A deep troll skeleton (Vaults:2)
  20 ice beasts
  2 black bears
  2 spiders (D:10)
  6 necrophages
  5 phantoms
  A manticore skeleton (D:14)
  45 ogres
  21 centaurs
  17 crocodiles
  Sigmund (D:5)
  15 giant slugs
  21 giant frogs
  A lava worm (D:14)
  A boring beetle (shapeshifter) (Vaults:2)
  4 big kobolds
  7 insubstantial wisps (WizLab)
  2 eyes of draining (shapeshifter)
  25 killer bees
  7 scorpions
  A yak zombie (D:4)
  An eye of draining (D:9)
  A cyclops skeleton (D:12)
  A troll skeleton (D:11)
  A tengu skeleton (D:15)
  15 wights
  29 electric eels
  5 goliath beetles
  14 hounds
  12 crimson imps
  8 jellies
  Crazy Yiuf (D:6)
  21 orc priests
  A two-headed ogre skeleton (D:7)
  A two-headed ogre zombie (D:12)
  An elf skeleton (D:13)
  3 iron imps (Depths:1)
  12 big fish
  12 iguanas
  30 orc wizards
  39 worker ants
  36 sheep
  A mottled dragon zombie (D:15)
  Ijyb (D:6)
  3 ogre zombies (D:15)
  29 adders
  5 gnolls
  39 green rats
  6 shadow imps
  A white imp (D:12)
  A giant mite (D:4)
  8 worms
  An adder zombie (D:6)
  2 iguana skeletons
  5 orc skeletons (Orc:4)
  9 giant geckos
  20 oozes
  156 orcs
  27 bats
  3 giant cockroaches
  24 goblins
  19 hobgoblins
  29 kobolds
  18 quokkas
  2 ball pythons
  2 giant newts
  2 giant spores
  2 goblin skeletons
  37 jackals
  An orc simulacrum (Orc:4)
  7 orc zombies
  21 rats
  A rat zombie (D:5)
  13 ballistomycetes
  13 butterflies
  5 fungi
  16 plants
  A tentacle (Shoals:4)
  A tentacle segment (Shoals:4)
2345 creatures vanquished.

Vanquished Creatures (collateral kills)
  Nikola (Snake:2)
  A greater naga (Snake:4)
  A vault warden (Vaults:2)
  An ironheart preserver (Vaults:4)
  6 naga warriors
  A merfolk aquamancer (Shoals:5)
  A deep troll shaman (Depths:1)
  A naga sharpshooter (Snake:5)
  2 deep elf knights
  2 salamander mystics (Snake:5)
  A deep troll (Vaults:1)
  A deep elf summoner (Elf:2)
  An ironbrand convoker (Vaults:1)
  2 deep elf conjurers
  A phantasmal warrior (Vaults:1)
  2 cyclopes (Shoals:3)
  2 salamanders
  2 guardian serpents
  A mermaid (Shoals:5)
  A manticore (Shoals:5)
  A vault sentinel (Vaults:1)
  A black mamba (Snake:3)
  4 naga magi
  2 merfolk (Shoals:5)
  3 slime creatures (Vaults:1)
  A wind drake (WizLab)
  5 air elementals (WizLab)
  A wraith (Shoals:3)
  5 deep elf magi (Elf:2)
  A vampire mosquito (Vaults:1)
  An ugly thing (Depths:1)
  2 deep elf fighters
  3 nagas (Snake:5)
  2 ogres
  A centaur (Shoals:1)
  An insubstantial wisp (WizLab)
  A worker ant (Lair:4)
  A sheep (Lair:5)
  A mummy (D:8)
68 creatures vanquished.

Vanquished Creatures (others)
  3 shadow wraiths
  8 phantasmal warriors
  19 freezing wraiths
  A yak (D:12)
  51 wraiths
  5 hungry ghosts
  A naga (Snake:2)
  11 phantoms
  A slave (D:8)
  A crimson imp (D:9)
  An orc wizard (D:8)
  A shadow imp (Lair:8)
  4 orcs
  A giant spore (D:13)
  A ballistomycete (D:15)
  219 butterflies
  13 fungi
  18 plants
  11 tentacles (Shoals:4)
  128 tentacle segments (Shoals:4)
498 creatures vanquished.

Grand Total: 2911 creatures vanquished

Notes
Turn   | Place    | Note
--------------------------------------------------------------
     0 | D:1      | tooterfish, the Mummy Wizard, began the quest for the Orb.
     0 | D:1      | Reached XP level 1. HP: 13/13 MP: 4/4
   275 | D:1      | Reached skill level 1 in Conjurations
   525 | D:1      | Reached XP level 2. HP: 19/19 MP: 1/6
   529 | D:1      | Learned a level 2 spell: Blink
  1060 | D:1      | Reached skill level 1 in Fighting
  1880 | D:2      | Reached XP level 3. HP: 26/26 MP: 5/7
  1907 | D:2      | Learned a level 3 spell: Mephitic Cloud
  2364 | D:3      | Reached skill level 1 in Short Blades
  2734 | D:4      | Found an opulent altar of Gozag.
  2838 | D:4      | Reached XP level 4. HP: 32/32 MP: 1/9
  2935 | D:3      | Learned a level 3 spell: Conjure Flame
  2944 | D:4      | Reached skill level 1 in Translocations
  3050 | D:3      | Reached skill level 1 in Air Magic
  3050 | D:3      | Reached skill level 1 in Poison Magic
  3124 | D:4      | Reached skill level 1 in Fire Magic
  3226 | D:4      | Reached XP level 5. HP: 37/37 MP: 7/11
  3390 | D:4      | Found Gozag's Platinum Reserve.
  3594 | D:4      | Noticed a scorpion
  3700 | D:5      | Entered Level 5 of the Dungeon
  3795 | D:5      | Found an ancient bone altar of Kikubaaqudgha.
  4028 | D:5      | Reached XP level 6. HP: 44/44 MP: 6/12
  4245 | D:5      | Noticed Sigmund
  4252 | D:5      | Killed Sigmund
  4252 | D:5      | Reached skill level 1 in Shields
  4700 | D:6      | Reached XP level 7. HP: 45/50 MP: 10/14
  4797 | D:6      | Found a staircase to the Ecumenical Temple.
  4802 | D:6      | Noticed Ijyb
  4806 | Temple   | Entered the Ecumenical Temple
  4972 | Temple   | Became a worshipper of Sif Muna the Loreminder
  5008 | Temple   | Learned a level 2 spell: Repel Missiles
  6209 | D:3      | Reached skill level 1 in Charms
  7170 | D:4      | Killed a scorpion
  7260 | D:4      | Found a burning altar of Makhleb.
  7261 | D:4      | Found a radiant altar of Vehumet.
  7687 | D:5      | Reached skill level 4 in Conjurations
  8405 | D:6      | Reached XP level 8. HP: 43/56 MP: 4/16
  8815 | D:6      | Killed Ijyb
  8843 | D:6      | Acquired Sif Muna's first power
  8843 | D:6      | Reached skill level 5 in Conjurations
  9496 | D:6      | Noticed Crazy Yiuf
  9540 | D:6      | Killed Crazy Yiuf
  9693 | D:7      | Learned a level 2 spell: Call Imp
  9777 | D:7      | Reached skill level 1 in Invocations
  9904 | D:7      | Reached skill level 1 in Summonings
 10017 | D:7      | Reached skill level 6 in Conjurations
 10271 | D:7      | Found a sparkling altar of Nemelex Xobeh.
 10494 | D:7      | Acquired Sif Muna's second power
 10494 | D:7      | Reached XP level 9. HP: 56/61 MP: 9/17
 10723 | D:7      | Noticed an oklob plant
 10881 | D:7      | Found an iron altar of Okawaru.
 10882 | D:7      | Found a bloodstained altar of Trog.
 10979 | D:7      | Reached skill level 7 in Conjurations
 11025 | D:8      | Found Byodghyth's Book Boutique.
 11044 | D:8      | Found a shattered altar of Ashenzari.
 11050 | D:8      | Found a basalt altar of Yredelemnul.
 11128 | D:8      | Noticed Maurice
 11196 | D:8      | Noticed Pikel
 11337 | D:8      | Killed Maurice
 11346 | D:8      | Identified a +1 cloak of preservation (You took it off Maurice on level 8 of the Dungeon)
 11612 | D:8      | Killed Pikel
 11612 | D:8      | Reached skill level 5 in Shields
 11612 | D:8      | Reached skill level 8 in Conjurations
 11668 | D:8      | Noticed Joseph
 11723 | D:8      | Killed Joseph
 11723 | D:8      | Reached skill level 9 in Conjurations
 11723 | D:8      | Reached XP level 10. HP: 49/67 MP: 13/18
 11863 | D:8      | Found a glowing silver altar of Zin.
 12013 | D:8      | Found a glowing golden altar of the Shining One.
 12191 | D:9      | Found a staircase to the Lair.
 12945 | Lair:1   | Entered Level 1 of the Lair of Beasts
 12999 | Lair:1   | Found a labyrinth entrance.
 13021 | Lab      | Entered a labyrinth
 13421 | Lab      | Noticed a minotaur
 13864 | Lab      | Identified Lehudib's Compendium of Attacks
 13985 | Lair:1   | Acquired Sif Muna's third power
 14007 | Lair:1   | Reached skill level 10 in Conjurations
 15676 | Lair:2   | Noticed a six-headed hydra
 15690 | Lair:2   | Killed a six-headed hydra
 15690 | Lair:2   | Reached skill level 11 in Conjurations
 15690 | Lair:2   | Reached XP level 11. HP: 16/72 MP: 9/21
 17677 | Lair:3   | Received a gift from Sif Muna
 17710 | Lair:3   | Reached skill level 5 in Spellcasting
 17723 | Lair:3   | Identified Sif Muna's Collected Works on the Excruciating Birds (Sif Muna gifted it to you on level 3 of the Lair of Beasts)
 17935 | Lair:3   | Noticed Nergalle
 17970 | Lair:3   | Noticed a spectral orc warlord
 18126 | Lair:3   | Noticed Harold
 18262 | Lair:3   | Reached skill level 12 in Conjurations
 18320 | Lair:3   | Killed Harold
 19644 | Lair:3   | Reached skill level 13 in Conjurations
 20052 | Lair:3   | Received a gift from Sif Muna
 20055 | Lair:3   | Identified Sif Muna's Tome of Burning Conjuration (Sif Muna gifted it to you on level 3 of the Lair of Beasts)
 20061 | Lair:3   | Learned a level 4 spell: Iskenderun's Mystic Blast
 20323 | Lair:3   | Killed Nergalle
 20323 | Lair:3   | Reached XP level 12. HP: 54/78 MP: 1/25
 20984 | Lair:4   | Found a staircase to the Snake Pit.
 21109 | Lair:4   | Found a frozen archway.
 21149 | IceCv    | Entered an ice cave
 21158 | IceCv    | Learned a level 7 spell: Orb of Destruction
 21558 | IceCv    | Reached skill level 14 in Conjurations
 21635 | IceCv    | Received a gift from Sif Muna
 21636 | IceCv    | Identified Sif Muna's Incunabulum of Arcane Weapons (Sif Muna gifted it to you in an ice cave)
 22507 | IceCv    | Reached XP level 13. HP: 83/83 MP: 12/27
 22542 | IceCv    | Noticed a frost giant
 23003 | IceCv    | Killed a frost giant
 23003 | IceCv    | Reached skill level 15 in Conjurations
 23018 | IceCv    | Got a glittering bronze amulet
 23229 | IceCv    | Identified the cursed amulet of Cheibriados' Wrath {Ward rN+ Int+2 Acc-4} (You found it in an ice cave)
 24081 | Lair:4   | Noticed an ice dragon
 24088 | Lair:4   | Killed an ice dragon
 24679 | Lair:4   | Received a gift from Sif Muna
 24692 | Lair:4   | Reached skill level 5 in Invocations
 25149 | Lair:5   | Reached skill level 5 in Summonings
 25857 | Lair:5   | Found a deep blue altar of Sif Muna.
 26071 | Lair:5   | Found a staircase to the Shoals.
 26413 | Lair:6   | Found a staircase to the Slime Pits.
 27890 | Lair:7   | Reached XP level 14. HP: 90/90 MP: 17/28
 28861 | Lair:7   | Got a steaming broad axe
 28866 | Lair:7   | Identified the +3,+4 broad axe of Severance {venom, rElec rF+} (You found it on level 7 of the Lair of Beasts)
 29366 | Lair:8   | Entered Level 8 of the Lair of Beasts
 29414 | Lair:8   | Received a gift from Sif Muna
 29417 | Lair:8   | Identified Sif Muna's Reference Book on Conjuration (Sif Muna gifted it to you on level 8 of the Lair of Beasts)
 30536 | Lair:8   | Reached skill level 10 in Summonings
 30609 | Lair:8   | Found a burning altar of Makhleb.
 31518 | Lair:8   | Found a gateway to Hell.
 31801 | Lair:2   | Learned a level 1 spell: Summon Butterflies
 31926 | D:10     | Entered Level 10 of the Dungeon
 31931 | D:10     | Found a staircase to the Orcish Mines.
 32350 | D:10     | Found Josolu's General Store.
 32674 | D:10     | Noticed Speedgee's ghost (experienced KoBe)
 32679 | D:10     | Killed Speedgee's ghost
 33242 | Orc:1    | Entered Level 1 of the Orcish Mines
 34096 | Orc:3    | Received a gift from Sif Muna
 34106 | Orc:3    | Identified Essup's Grimoire of the Entourage (Sif Muna gifted it to you on level 3 of the Orcish Mines)
 34673 | Orc:4    | Entered Level 4 of the Orcish Mines
 34673 | Orc:4    | Noticed Josephine
 34673 | Orc:4    | Noticed an orc warlord
 34736 | Orc:4    | Found Nuxuid's Assorted Antiques.
 34749 | Orc:3    | Killed an orc warlord
 34897 | Orc:4    | Killed Josephine
 34985 | Orc:3    | Reached XP level 15. HP: 61/95 MP: 12/30
 35132 | Orc:4    | Found a staircase to the Elven Halls.
 35134 | Orc:4    | Found Brel's Food Shoppe.
 35325 | Lair:2   | Learned a level 7 spell: Haunt
 35490 | Orc:4    | Found Egunaut's General Store.
 35493 | Orc:4    | Noticed Erica
 35618 | Orc:4    | Killed Erica
 35618 | Orc:4    | Reached skill level 1 in Necromancy
 35624 | Orc:4    | Noticed an orc warlord
 35630 | Orc:4    | Killed an orc warlord
 35709 | Orc:4    | Noticed Snorg
 36166 | Orc:4    | Killed Snorg
 36292 | Orc:4    | Paralysed by an orc sorcerer for 5 turns
 36407 | Orc:4    | Bought a square pearl amulet for 100 gold pieces
 36407 | Orc:4    | Bought a scroll labeled LYETSUISM for 20 gold pieces
 36430 | Orc:4    | Found Triperr's Magic Scroll Boutique.
 36456 | Orc:4    | Found Xunkyeppehyi's Antique Weapon Shoppe.
 36481 | Orc:4    | Found Udameod's Antique Armour Shoppe.
 36510 | Orc:4    | Found a deep blue altar of Sif Muna.
 36528 | Orc:4    | Identified Sif Muna's Incunabulum of Augmentations
 36547 | Orc:4    | Found Uhaossi's General Store.
 36568 | Orc:4    | Found Naorgh's Book Shop.
 37028 | D:11     | Got a slimy ring mail
 37896 | D:12     | Received a gift from Sif Muna
 37903 | D:12     | Reached skill level 5 in Necromancy
 38374 | D:12     | Got a blackened leather armour
 38395 | D:12     | Got a slimy buckler
 38561 | D:12     | Identified the Incunabulum of Summoning
 39305 | D:12     | Identified the cursed -1 buckler of Trumpets {rN+ Str-1 Stlth--} (You found it on level 12 of the Dungeon)
 39313 | D:12     | Identified the +3 leather armour of the Earth {+Inv Str+1} (You found it on level 12 of the Dungeon)
 39322 | D:12     | Identified the +0 ring mail of Icez Becs {rF+ Int+1 Dam+4} (You found it on level 11 of the Dungeon)
 39676 | D:13     | Noticed hunterx7d's ghost (powerful MiFi)
 40027 | D:13     | Killed hunterx7d's ghost
 40284 | D:13     | Found a gate to the Vaults.
 42034 | D:14     | Reached XP level 16. HP: 93/101 MP: 31/31
 42119 | D:14     | Received a gift from Sif Muna
 42121 | D:14     | Identified Sif Muna's Volume of Cloudy Confrontation (Sif Muna gifted it to you on level 14 of the Dungeon)
 42421 | D:15     | Entered Level 15 of the Dungeon
 42424 | D:15     | Reached skill level 10 in Necromancy
 42682 | D:15     | Identified a +0 rod of the swarm (9/9) (You found it on level 15 of the Dungeon)
 44310 | D:15     | Found a staircase to the Depths.
 44885 | D:14     | Received a gift from Sif Muna
 44890 | D:14     | Identified Sif Muna's Tome of Conjuration (Sif Muna gifted it to you on level 14 of the Dungeon)
 45448 | Snake:1  | Entered Level 1 of the Snake Pit
 47156 | Snake:2  | Found an ancient bone altar of Kikubaaqudgha.
 47222 | Snake:2  | Noticed Nikola
 47311 | Snake:2  | Received a gift from Sif Muna
 47312 | Snake:2  | Identified Sif Muna's Disquisition on Dark Rites and Calling (Sif Muna gifted it to you on level 2 of the Snake Pit)
 47353 | Snake:2  | Killed Nikola
 47669 | Snake:2  | Reached XP level 17. HP: 106/106 MP: 28/31
 48171 | Lair:2   | Learned a level 6 spell: Forceful Dismissal
 48914 | Snake:3  | You fall through a shaft!
 50589 | Shoals:1 | Entered Level 1 of the Shoals
 50605 | Shoals:1 | Noticed Louise
 50877 | Elf:1    | Entered Level 1 of the Elven Halls
 50948 | Elf:1    | Found a magical portal.
 50951 | WizLab   | Entered The Chambers of Faonim the Cloud Mage
 51266 | WizLab   | Reached skill level 10 in Invocations
 51569 | WizLab   | Identified Gaecs' Guide on Harmful Lightness
 51571 | WizLab   | Identified the Handbook of the Excruciating Birds
 51727 | Elf:1    | Found Crepous' Antique Weapon Shoppe.
 52273 | Elf:1    | Noticed Agnes
 52288 | Elf:1    | Killed Agnes
 53459 | Elf:2    | Found Utoxeik's Jewellery Shop.
 53863 | Elf:2    | Reached XP level 18. HP: 112/112 MP: 11/32
 54903 | Snake:5  | Entered Level 5 of the Snake Pit
 55103 | Snake:5  | Reached skill level 15 in Necromancy
 55493 | Snake:5  | Noticed Mulzaro's ghost (mighty NaSu)
 55525 | Snake:5  | Received a gift from Sif Muna
 55525 | Snake:5  | Killed Mulzaro's ghost
 55526 | Snake:5  | Identified Sif Muna's Collected Works on the Entourage (Sif Muna gifted it to you on level 5 of the Snake Pit)
 56587 | Snake:5  | Reached skill level 1 in Armour
 57391 | Snake:5  | Got a serpentine rune of Zot
 58173 | Shoals:1 | Killed Louise
 58173 | Shoals:1 | Received a gift from Sif Muna
 58174 | Shoals:1 | Identified Sif Muna's Incunabulum of Attacks (Sif Muna gifted it to you on level 1 of the Shoals)
 58237 | Shoals:1 | Noticed Roxanne
 58255 | Shoals:1 | Killed Roxanne
 58380 | Shoals:1 | Reached XP level 19. HP: 123/123 MP: 24/33
 58629 | Shoals:2 | Got a crude falchion
 58630 | Shoals:2 | Identified the +10,+6 falchion of Eternal Vigilance {slice, Noisy +Fly Str+2} (You found it on level 2 of the Shoals)
 60909 | Shoals:3 | Reached skill level 5 in Charms
 61873 | Shoals:5 | Entered Level 5 of the Shoals
 61978 | Shoals:5 | Received a gift from Sif Muna
 61989 | Shoals:5 | Got a barnacled rune of Zot
 62535 | Shoals:5 | Got a transparent cutlass
 62536 | Shoals:5 | Identified the +2,+3 cutlass "Lorem Ipsum" {slice, rC+} (You found it on level 5 of the Shoals)
 62666 | Shoals:5 | Got a steaming bastard sword
 62667 | Shoals:5 | Identified the cursed -2,+2 bastard sword "Vadeeb Uptu" {drain, rN+} (You took it off a siren on level 5 of the Shoals)
 62671 | Shoals:5 | Found Onlarugu's Magic Scroll Shop.
 62757 | Shoals:5 | Reached skill level 16 in Necromancy
 62885 | Shoals:5 | Noticed Ilsuiw
 63752 | Lair:2   | Learned a level 4 spell: Passage of Golubria
 64026 | Elf:1    | Bought a steaming falchion for 336 gold pieces
 64027 | Elf:1    | Identified the +5,+6 falchion "Myerr" {slice, Str+2} (You bought it in a shop on level 1 of the Elven Halls)
 64028 | Elf:1    | Bought a shimmering war axe for 357 gold pieces
 64211 | Lair:2   | Identified the +5,+7 war axe "Tyhoth" {chop, -Cast SInv} (You bought it in a shop on level 1 of the Elven Halls)
 64447 | Vaults:1 | Entered Level 1 of the Vaults
 64774 | Vaults:1 | Got a dazzling chain mail
 65422 | Vaults:1 | Received a gift from Sif Muna
 65860 | Vaults:1 | Reached XP level 20. HP: 129/129 MP: 20/34
 65901 | Vaults:1 | Found Fauffec's Assorted Antiques.
 67552 | Vaults:2 | Found a staircase to the Crypt.
 67897 | Vaults:2 | Received a gift from Sif Muna
 67898 | Vaults:2 | Identified Sif Muna's Handbook of Flying Confrontation (Sif Muna gifted it to you on level 2 of the Vaults)
 68148 | Vaults:2 | Reached skill level 17 in Necromancy
 68261 | Vaults:2 | Reached skill level 15 in Summonings
 68581 | Vaults:3 | Found Pruerph's General Store.
 69193 | Vaults:3 | Reached skill level 5 in Translocations
 69326 | Vaults:3 | Found a staircase to the Hall of Blades.
 69681 | Vaults:3 | Reached skill level 5 in Dodging
 70452 | Vaults:4 | Reached skill level 5 in Fighting
 71041 | Vaults:4 | Found Mewkelas' Antique Weapon Boutique.
 71044 | Vaults:4 | Bought a crude broad axe for 324 gold pieces
 71045 | Vaults:4 | Identified the cursed -1,+1 broad axe of Yghyneo {chop, +Blink +Fly rF+} (You bought it in a shop on level 4 of the Vaults)
 71048 | Vaults:4 | Identified the +3 chain mail of Rotation {Int+2 Stlth+} (You found it on level 1 of the Vaults)
 71059 | Vaults:4 | Noticed Mara
 71064 | Vaults:4 | Noticed tooterfish's illusion
 71069 | Vaults:4 | Killed Mara
 71069 | Vaults:4 | Reached XP level 21. HP: 138/138 MP: 4/34
 72415 | Depths:1 | Entered Level 1 of the Depths
 72624 | Depths:1 | Reached skill level 5 in Armour
 72753 | Depths:1 | Got a shimmering cloak
 72756 | Depths:1 | Identified the cursed -5 cloak of Trumpets {rC+ rN+ Str-4} (You found it on level 1 of the Depths)
 73789 | Depths:1 | HP: 4/138 [something (34)]
 73790 | Depths:1 | Slain by a vampire knight

Action                   |  1- 3 |  4- 6 |  7- 9 | 10-12 | 13-15 | 16-18 | 19-21 || total
-------------------------+-------+-------+-------+-------+-------+-------+-------++-------
Melee: Dagger            |    24 |    95 |    47 |   517 |       |       |       ||   683
       Cutlass           |       |       |   324 |       |       |       |       ||   324
       Staff             |       |       |     1 |     1 |    29 |     5 |     5 ||    41
       Broad axe         |       |       |       |       |       |       |     6 ||     6
 Fire: Blowgun           |       |       |       |    98 |       |       |       ||    98
Throw: Javelin           |     3 |       |       |       |       |       |       ||     3
 Cast: Magic Dart        |   104 |    32 |   345 |   173 |       |       |       ||   654
       Blink             |     2 |       |     3 |     7 |    13 |    12 |     2 ||    39
       Mephitic Cloud    |     2 |    14 |    83 |   113 |    25 |     2 |       ||   239
       Conjure Flame     |       |     1 |    51 |    78 |    32 |    13 |     2 ||   177
       Repel Missiles    |       |       |     1 |       |     3 |     8 |     3 ||    15
       Call Imp          |       |       |     1 |     8 |     4 |       |       ||    13
       Iskenderun's Myst |       |       |       |   160 |   616 |   161 |   200 ||  1137
       Orb of Destructio |       |       |       |    13 |   489 |   489 |   563 ||  1554
       Summon Butterflie |       |       |       |       |     9 |    89 |    18 ||   116
       Haunt             |       |       |       |       |       |   203 |   107 ||   310
       Forceful Dismissa |       |       |       |       |       |   116 |    67 ||   183
       Passage of Golubr |       |       |       |       |       |       |    23 ||    23
Invok: Channel Energy    |       |       |   265 |   684 |  2621 |  2366 |  2012 ||  7948
Evoke: Wand              |       |     1 |       |    12 |     7 |     2 |     6 ||    28
       Rod               |       |       |       |       |       |     1 |       ||     1
       tome              |       |       |       |       |       |       |     2 ||     2
  Use: Scroll            |       |       |    10 |     7 |    12 |    10 |    22 ||    61
 Stab: Sleeping          |     3 |     2 |     4 |       |       |       |       ||     9
       Confused          |       |     5 |    28 |    37 |       |       |       ||    70
